 Dungeon Crawl Stone Soup version 0.31.0-32-g396128a36d (webtiles) character file.

Game seed: 3575500111171640042

0 AdnanSaban the Shield-Bearer (level 1, 0/14 HPs)
             Began as a Gargoyle Fighter on Apr 18, 2024.
             Slain by a ball python (1 damage)
             ... on level 1 of the Dungeon.
             The game lasted 00:00:09 (14 turns).

AdnanSaban the Shield-Bearer (Gargoyle Fighter)       Turns: 14, Time: 00:00:11

Health: 0/14       AC:  9    Str: 19    XL:     1   Next: 0%
Magic:  1/1        EV:  6    Int:  8    God:
Gold:   0          SH:  4    Dex:  9    Spells: 0/0 levels left

rFire   . . .        a - +0 flail
rCold   . . .        c - +0 buckler
rNeg    + . .        b - +0 scale mail
rPois   ∞            (no helmet)
rElec   +            (no cloak)
rCorr   .            (no gloves)
SInv    .            (no boots)
Will    .....        (no amulet) Stlth
                     (no ring)
HPRegen 0.22/turn    (no ring)
MPRegen 0.07/turn

%: no passive effects
@: constricted
A: sickness immunity, AC +2, negative energy resistance 1, electricity
resistance, torment resistance 1, petrification resistance
a: no special abilities


You were on level 1 of the Dungeon.
You visited 1 branch of the dungeon, and saw 1 of its levels.

Inventory:

Hand Weapons
 a - a +0 flail (weapon)
Armour
 b - a +0 scale mail (worn)
 c - a +0 buckler (worn)
Potions
 d - a potion of might


   Skills:
 + Level 3.2 Fighting
 + Level 2.0 Maces & Flails
 + Level 3.2 Armour
 + Level 3.2 Shields


You couldn't memorise any spells.
You didn't know any spells.
Your spell library was empty.

Dungeon Overview and Level Annotations

Branches:
Dungeon (1/15)

Altars:


Innate Abilities, Weirdness & Mutations

You are immune to sickness and miasma.
Your stone body is resilient. (AC +2)
You are immune to poison.
You resist negative energy. (rN+)
You are resistant to electric shocks. (rElec)
You are resistant to unholy torment.
You are immune to petrification.


Message History

You closely miss the kobold.
The giant cockroach bites you but does no damage.
The ball python bites you. The ball python constricts you.
The kobold barely misses you.
The giant cockroach completely misses you.
You hit the kobold.
The kobold is severely wounded.
The ball python barely misses you. The ball python constricts you.
The giant cockroach bites you but does no damage.
The kobold hits you with a +0 whip of pain.
The ball python barely misses you. The ball python constricts you.
The giant cockroach bites you.
You hit the kobold but do no damage.
The kobold is severely wounded.
The ball python bites you but does no damage.
The ball python constricts you. The kobold hits you but does no damage.
You block the giant cockroach's attack. The ball python barely misses you.
You block the kobold's attack. The ball python barely misses you.
The ball python constricts you.
You barely miss the kobold.
The kobold is severely wounded.
The giant cockroach bites you but does no damage.
The ball python bites you. x2; The ball python constricts you.
The kobold hits you but does no damage. The giant cockroach barely misses you.
You barely miss the kobold.
The kobold is moderately wounded.
You block the ball python's attack. x2; The ball python constricts you.
The kobold hits you with a +0 whip of pain.
* * * LOW HITPOINT WARNING * * *
The giant cockroach bites you but does no damage.
The ball python bites you but does no damage.
The ball python closely misses you. The ball python constricts you.
* * * LOW HITPOINT WARNING * * *
You hit the kobold.
You kill the kobold!
You block the giant cockroach's attack. The ball python barely misses you.
The ball python bites you but does no damage.
The ball python constricts you. The giant cockroach barely misses you.
The ball python bites you.
You die...

(.....
....$
.... ...
..#
##..##
♣♣)S..♣
♣.@Bg.♣
♣..S.♣♣
♣♣....♣
♣♣.....♣
♣.....♣♣
♣.....♣
♣..<..♣
♣.....♣
♣.....♣


You could see a giant cockroach, a goblin and 2 ball pythons.

Vanquished Creatures
  A kobold (D:1)
1 creature vanquished.

Notes
Turn   | Place    | Note
-------+----------+-------------------------------------------
     0 | D:1      | AdnanSaban the Gargoyle Fighter began the quest for the
                  | Orb.
     0 | D:1      | Reached XP level 1. HP: 14/14 MP: 1/1
    14 | D:1      | Slain by a ball python

Illustrated notes

Levels and vault maps discovered:
D:1:      roderic_dead_forest, layout_rooms

Action                     || total
---------------------------++-------
  Melee: Flail             ||     9
 Armour: Scale mail        ||    22
  Dodge: Dodged            ||    18
  Block: Buckler           ||     7
